 Dungeon Crawl Stone Soup version 0.29.0-4-gdea44cf6ec (webtiles) character file.

Game seed: 5475438065081910091

599 qw the Cleaver (level 7, 0/41 HPs)
             Began as a Tengu Warper on Aug 28, 2022.
             Slain by a gnoll
             ... wielding a +0 whip
             ... led by a gnoll bouda
              (3 damage)
             ... on level 5 of the Dungeon.
             The game lasted 00:00:34 (5989 turns).

qw the Cleaver (Tengu Warper)                       Turns: 5989, Time: 00:00:35

Health: 0/41       AC:  7    Str: 13    XL:     7   Next: 41%
Magic:  11/11      EV: 13    Int: 14    God:
Gold:   175        SH:  0    Dex: 13    Spells: 10/10 levels left

rFire   . . .      SeeInvis .   Y - +2 hand axe
rCold   . . .      Faith    .   (no shield)
rNeg    + . .      Spirit   .   g - +0 ring mail
rPois   .          Reflect  .   (helmet restricted)
rElec   .          Harm     .   (no cloak)
rCorr   .          Rampage  .   l - +1 pair of gloves
Will    .....                   (boots unavailable)
Stlth   +.........              (no amulet)
HPRegen 0.13/turn               c - ring of positive energy
MPRegen 0.12/turn               (no ring)

@: weakened, flying quickly and evasively, quick
A: beak, talons 3, nimble flight
a: no special abilities


You were on level 5 of the Dungeon.
You visited 2 branches of the dungeon, and saw 6 of its levels.

You collected 175 gold pieces.


Innate Abilities, Weirdness & Mutations

You have a beak for a mouth.
You have claws for feet.
Your magical nature lets you fly swiftly and evasively.


   Skills:
 - Level 3.4 Fighting
 - Level 8.0 Axes
 - Level 1.0 Throwing
 - Level 1.1 Armour
 + Level 2.8 Dodging
 - Level 2.0 Spellcasting
 - Level 2.4 Translocations


You had 10 spell levels left.
You didn't know any spells.
Your spell library contained the following spells:

 Spells                   Type           Power      Damage    Failure   Level
 Blink                    Tloc           16%        N/A       28%         2
 Gell's Gravitas          Tloc           8%         N/A       50%         3
 Lesser Beckoning         Tloc           8%         N/A       50%         3
 Teleport Other           Tloc           8%         N/A       50%         3
 Manifold Assault         Tloc           8%         N/A       99%         5

Inventory:

Hand Weapons
 k - a +0 flail
 Y - a +2 hand axe (weapon)
Armour
 g - a +0 ring mail (worn)
 l - a +1 pair of gloves (worn)
Jewellery
 c - a ring of positive energy (left hand)
 e - a ring of ice
Scrolls
 f - a scroll of identify
Potions
 d - 2 potions of haste
 i - a potion of mutation {unknown}
 j - a potion of curing

Dungeon Overview and Level Annotations

Branches:
Dungeon (5/15)             Temple (1/1) D:4

Altars:
Dithmenos
Fedhas
Hepliaklqana
Makhleb
Sif Muna
Trog
Wu Jian
Xom
Yredelemnul
Zin
The Shining One

Shops:
D:1 [


Message History

You hit the gnoll. The gnoll closely misses you. The gnoll barely misses you.
The gnoll bouda gazes fiercely through you!
You feel as though you will be weak longer.
The gnoll bouda hits you with a +0 whip.
You closely miss the gnoll bouda. You claw the gnoll bouda.
Your peck misses the gnoll bouda.
The gnoll bouda is severely wounded.
You closely miss the gnoll.
The gnoll bouda hits you with a +0 whip!
The gnoll hits you from afar with a +0 spear.
The gnoll hits you with a +0 flail.
5983 ||| DRINKING potion of heal wounds.
You feel much better. The gnoll hits you but does no damage.
The gnoll barely misses you.
The gnoll bouda hits you with a +0 whip!
You hit the gnoll bouda.
You punch the gnoll bouda, but do no damage.
The gnoll bouda is severely wounded.
You hit the gnoll. The gnoll hits you but does no damage.
The gnoll bouda hits you with a +0 whip.
The gnoll hits you from afar with a +0 spear.
You hit the gnoll bouda. You peck the gnoll bouda.
You kill the gnoll bouda!
You barely miss the gnoll. The gnoll barely misses you.
The gnoll hits you from afar with a +0 spear.
You hit the gnoll. You claw the gnoll, but do no damage. You peck the gnoll.
The gnoll is severely wounded.
The gnoll closely misses you. x2
You hit the gnoll.
You kill the gnoll!
Things that are here:
a +0 whip; a +0 leather armour; a gnoll corpse You hit the gnoll.
Your peck misses the gnoll.
The gnoll is moderately wounded.
You barely miss the gnoll. The gnoll hits you with a +0 whip.
You die...

#### ...#
####.#.#
#gg....#
.#######@#..g
[.......)#.#
########)..#
#......<..#
#.###.....#
>...........
....####....#.#
.... .....# ...
####.#


You could see 2 gnolls.

Vanquished Creatures
  An ogre (D:4)
  A phantom (D:3)
  3 scorpions
  A gnoll bouda (D:5)
  2 iguanas
  An orc wizard (D:3)
  3 adders
  2 gnolls (D:5)
  3 worms (D:3)
  7 dart slugs
  4 orcs (D:3)
  6 endoplasms
  2 giant cockroaches (D:4)
  10 goblins
  9 hobgoblins
  3 jackals (D:1)
  4 quokkas
  8 ball pythons
  9 bats
  6 frilled lizards
  4 kobolds
  8 rats
97 creatures vanquished.

Vanquished Creatures (collateral kills)
  A dart slug (D:4)
  A kobold (D:4)
2 creatures vanquished.

Vanquished Creatures (others)
  3 plants (D:1)
3 creatures vanquished.

Grand Total: 102 creatures vanquished

Notes
Turn   | Place    | Note
-------+----------+-------------------------------------------
     0 | D:1      | qw the Tengu Warper began the quest for the Orb.
     0 | D:1      | Reached XP level 1. HP: 12/12 MP: 4/4
     0 | D:1      | 0 ||| qw: Version: 0.1-a-89-g26bdef1
     0 | D:1      | 0 ||| qw: Game counter: 1111
     0 | D:1      | 0 ||| qw: Always use a shield: true
     0 | D:1      | 0 ||| qw: God list: Okawaru
     0 | D:1      | 0 ||| qw: Allow faded altars: false
     0 | D:1      | 0 ||| qw: Do Orc after D:15 true
     0 | D:1      | 0 ||| qw: Do second Lair branch before Depths: true
     0 | D:1      | 0 ||| qw: Lair rune preference: random
     0 | D:1      | 0 ||| qw: Plans: Normal
     0 | D:1      | 0 ||| PLANNING D:1-11
    34 | D:1      | 34 ||| Stepping ~*~*~tactically~*~*~ (stealth).
   123 | D:1      | Reached XP level 2. HP: 17/17 MP: 6/6
   139 | D:1      | Reached skill level 3 in Axes
   432 | D:1      | Reached XP level 3. HP: 21/21 MP: 7/7
   480 | D:1      | 480 ||| DROPPING +0 club.
   684 | D:1      | Found Ruduneg's Antique Armour Shoppe.
   685 | D:1      | 685 ||| Stepping ~*~*~tactically~*~*~ (stealth).
   701 | D:1      | Reached skill level 4 in Axes
   705 | D:1      | 705 ||| SHOPLISTING chain mail (90 gold, have 11).
   705 | D:1      | 705 ||| SHOPLISTING ring mail (80 gold, have 11).
   705 | D:1      | 705 ||| SHOPLISTING runed plate armour (520 gold, have 11).
   705 | D:1      | 705 ||| SHOPLISTING scale mail (80 gold, have 11).
   802 | D:1      | Found a faded altar of an unknown god.
  1111 | D:1      | 1111 ||| READING scroll labelled RAUTYSEUWUO.
  1112 | D:1      | 1112 ||| READING scroll labelled OHIOTE MIALE.
  1113 | D:1      | 1113 ||| READING scroll labelled PEXU XEOTU.
  1114 | D:1      | 1114 ||| READING scroll labelled IGESO WYCVU.
  1115 | D:1      | 1115 ||| READING scroll labelled LIVVOC IXID.
  1116 | D:1      | 1116 ||| DROPPING scroll of blinking.
  1117 | D:1      | 1117 ||| Stepping randomly (stuck).
  1118 | D:1      | 1118 ||| Stepping ~*~*~tactically~*~*~ (cloud).
  1126 | D:1      | HP: 5/21 [poisoned by you (poison gas)]
  1387 | D:2      | 1387 ||| STAIRDANCE
  1985 | D:2      | Reached XP level 4. HP: 26/26 MP: 8/8
  2108 | D:2      | 2108 ||| FLEEEEING.
  2207 | D:2      | 2207 ||| Stepping ~*~*~tactically~*~*~ (stealth).
  2212 | D:2      | 2212 ||| FLEEEEING.
  2213 | D:2      | 2213 ||| FLEEEEING.
  2214 | D:2      | 2214 ||| FLEEEEING.
  2215 | D:2      | 2215 ||| FLEEEEING.
  2216 | D:2      | 2216 ||| FLEEEEING.
  2217 | D:2      | 2217 ||| FLEEEEING.
  2218 | D:2      | 2218 ||| FLEEEEING.
  2219 | D:2      | 2219 ||| FLEEEEING.
  2220 | D:2      | 2220 ||| FLEEEEING.
  2221 | D:2      | 2221 ||| FLEEEEING.
  2222 | D:2      | 2222 ||| FLEEEEING.
  2223 | D:2      | 2223 ||| FLEEEEING.
  2224 | D:2      | 2224 ||| FLEEEEING.
  2225 | D:2      | 2225 ||| FLEEEEING.
  2226 | D:2      | 2226 ||| FLEEEEING.
  2227 | D:2      | 2227 ||| FLEEEEING.
  2228 | D:2      | 2228 ||| FLEEEEING.
  2229 | D:2      | 2229 ||| FLEEEEING.
  2230 | D:2      | 2230 ||| FLEEEEING.
  2231 | D:2      | 2231 ||| FLEEEEING.
  2232 | D:2      | 2232 ||| FLEEEEING.
  2422 | D:2      | 2422 ||| DROPPING amulet of faith.
  2423 | D:2      | 2423 ||| DRINKING 3 fuming clear potions.
  2424 | D:2      | 2424 ||| DRINKING 2 smoky puce potions.
  2425 | D:2      | 2425 ||| DROPPING 2 potions of flight.
  2568 | D:3      | Reached skill level 5 in Axes
  2573 | D:3      | Noticed a scorpion
  2580 | D:3      | Killed a scorpion
  2581 | D:3      | Gained mutation: Your magical nature lets you fly swiftly
                  | and evasively. [Tengu growth]
  2581 | D:3      | Reached XP level 5. HP: 10/30 MP: 9/9
  2582 | D:3      | HP: 7/30 [poisoned by a scorpion]
  2586 | D:3      | HP: 3/30 [poisoned by a scorpion]
  2904 | D:3      | HP: 6/30 [orc wizard/+0 dagger (2)]
  2906 | D:3      | HP: 2/30 [orc/+0 flail (4)]
  2910 | D:3      | Reached skill level 6 in Axes
  2912 | D:3      | 2912 ||| FLEEEEING.
  2913 | D:3      | 2913 ||| FLEEEEING.
  2914 | D:3      | 2914 ||| FLEEEEING.
  2915 | D:3      | 2915 ||| FLEEEEING.
  2916 | D:3      | 2916 ||| FLEEEEING.
  2917 | D:3      | 2917 ||| FLEEEEING.
  2918 | D:3      | 2918 ||| FLEEEEING.
  2919 | D:3      | 2919 ||| FLEEEEING.
  2922 | D:3      | 2922 ||| FLEEEEING.
  2923 | D:3      | 2923 ||| FLEEEEING.
  2926 | D:3      | 2926 ||| FLEEEEING.
  2927 | D:3      | 2927 ||| FLEEEEING.
  2936 | D:3      | 2936 ||| FLEEEEING.
  2937 | D:3      | 2937 ||| FLEEEEING.
  2938 | D:3      | 2938 ||| FLEEEEING.
  2939 | D:3      | 2939 ||| FLEEEEING.
  2940 | D:3      | 2940 ||| FLEEEEING.
  2941 | D:3      | 2941 ||| FLEEEEING.
  2942 | D:3      | 2942 ||| FLEEEEING.
  2944 | D:3      | 2944 ||| FLEEEEING.
  2946 | D:3      | 2946 ||| FLEEEEING.
  2947 | D:3      | 2947 ||| FLEEEEING.
  2948 | D:3      | 2948 ||| FLEEEEING.
  2949 | D:3      | 2949 ||| FLEEEEING.
  2950 | D:3      | 2950 ||| FLEEEEING.
  2953 | D:3      | 2953 ||| FLEEEEING.
  2955 | D:3      | 2955 ||| FLEEEEING.
  2956 | D:3      | 2956 ||| FLEEEEING.
  2960 | D:3      | 2960 ||| STAIRDANCE
  3201 | D:2      | 3201 ||| DRINKING 2 bubbling green potions.
  3305 | D:3      | 3305 ||| Stepping ~*~*~tactically~*~*~ (stealth).
  3323 | D:3      | 3323 ||| FLEEEEING.
  3438 | D:3      | 3438 ||| FLEEEEING.
  3539 | D:3      | Noticed a phantom
  3553 | D:3      | Killed a phantom
  3554 | D:3      | Reached XP level 6. HP: 19/35 MP: 10/10
  3744 | D:3      | 3744 ||| STAIRDANCE
  3748 | D:2      | 3748 ||| READING scroll labelled UGHUOHA HELAA.
  3803 | D:3      | Found a shadowy altar of Dithmenos.
  3808 | D:3      | 3808 ||| READING scroll of enchant weapon.
  3808 | D:3      | 3808 ||| ENCHANTING +1 hand axe.
  4141 | D:3      | 4141 ||| DROPPING +0 mace.
  4286 | D:3      | 4286 ||| READING scroll labelled MUSAEC GAUFA.
  4286 | D:3      | Identified a scroll of acquirement
  4286 | D:3      | 4286 ||| ACQUIRING ring of positive energy
  4286 | D:3      | Acquired a ring of positive energy
  4288 | D:3      | 4288 ||| UPGRADING to ring of positive energy.
  4289 | D:3      | 4289 ||| READING scroll labelled JADETT UTTUKA.
  4355 | D:4      | Reached skill level 7 in Axes
  4478 | D:4      | 4478 ||| Stepping ~*~*~tactically~*~*~ (stealth).
  4490 | D:4      | 4490 ||| Stepping ~*~*~tactically~*~*~ (stealth).
  4506 | D:4      | 4506 ||| Stepping ~*~*~tactically~*~*~ (stealth).
  4691 | D:4      | Found a staircase to the Ecumenical Temple.
  4692 | D:4      | 4692 ||| PLANNING TEMPLE
  4692 | D:4      | 4692 ||| UPGRADING to +0 ring mail.
  4702 | D:4      | 4702 ||| DROPPING +0 leather armour.
  4703 | D:4      | 4703 ||| READING scroll labelled JOEQANG UXKAUPH.
  4704 | D:4      | 4704 ||| READING scroll labelled VIFFOE FOLLUPT.
  4711 | D:4      | 4711 ||| Stepping ~*~*~tactically~*~*~ (hiding).
  4801 | D:4      | 4801 ||| Stepping ~*~*~tactically~*~*~ (hiding).
  4915 | Temple   | Entered the Ecumenical Temple
  5035 | Temple   | 5035 ||| PLANNING D:1-11
  5217 | D:4      | 5217 ||| Stepping ~*~*~tactically~*~*~ (hiding).
  5247 | D:4      | Found a burning altar of Makhleb.
  5248 | D:4      | Noticed an Executioner
  5306 | D:4      | Reached skill level 3 in Fighting
  5309 | D:4      | Reached XP level 7. HP: 41/41 MP: 11/11
  5833 | D:4      | 5833 ||| UPGRADING to +0 pair of gloves.
  5838 | D:4      | 5838 ||| READING scroll of enchant armour.
  5838 | D:4      | 5838 ||| ENCHANTING +0 pair of gloves.
  5839 | D:4      | 5839 ||| READING scroll labelled NIJOWN VIOSENAM.
  5844 | D:4      | 5844 ||| READING scroll labelled ZYXUIS INAETOPU.
  5845 | D:4      | 5845 ||| READING 2 scrolls of identify.
  5845 | D:4      | 5845 ||| IDENTIFYING emerald potion
  5888 | D:4      | 5888 ||| Stepping randomly (stuck).
  5945 | D:4      | 5945 ||| Stepping randomly (stuck).
  5965 | D:5      | Entered Level 5 of the Dungeon
  5967 | D:5      | 5967 ||| Stepping ~*~*~tactically~*~*~ (hiding).
  5968 | D:5      | 5968 ||| Stepping ~*~*~tactically~*~*~ (hiding).
  5974 | D:5      | Reached skill level 8 in Axes
  5982 | D:5      | HP: 3/41 [gnoll bouda/+0 whip (10)]
  5982 | D:5      | HP: 1/41 [gnoll/+0 flail[a gnoll bouda] (1)]
  5983 | D:5      | 5983 ||| DRINKING potion of heal wounds.
  5989 | D:5      | Slain by a gnoll

Levels and vault maps discovered:
D:1:      ebering_trefoil_3fold, layout_loops_ring, serial_shops,
          nicolae_shop_overgrown_old_shop, dilly_ecumenical_altar_fadedgnrine
D:2:      layout_loops_ring, grunt_ministairs_15, st_stairs_13
D:3:      layout_loops_ring, nicolae_dithmenos_the_darkroom
D:4:      kennysheep_slugbush, layout_basic, makhleb_altar_promises_db,
          minmay_temple_entry_grid
D:5:      layout_basic, dk_rats_in_the_wall
Temple:   nicolae_temple_bog_church

Skill      XL: |  1  2  3  4  5  6  7 |
---------------+----------------------+-----
Axes           | 3 4 5 6 7 8 |  8.0
Fighting       | 3 |  3.4
Throwing       | |  1.0
Armour         | |  1.1
Dodging        | |  2.8
Spellcasting   | |  2.0
Translocations | |  2.4

Action                   |  1- 3 |  4- 6 |  7- 9 || total
-------------------------+-------+-------+-------++-------
Melee: Hand axe          |    81 |   129 |    35 ||   245
       Kick              |    19 |    36 |    13 ||    68
       Peck              |     7 |    27 |     8 ||    42
       Punch             |     1 |     1 |     1 ||     3
Throw: Boomerang         |     7 |       |       ||     7
  Use: Scroll            |     5 |     6 |     4 ||    15
       Potion            |       |     3 |     1 ||     4
Armor: Leather armour    |    10 |     8 |       ||    18
       Ring mail         |       |     1 |     7 ||     8
Dodge: Dodged            |    45 |    68 |    25 ||   138

Table legend:
 A = Non-vault XP
 B = Vault XP
 C = Vault XP percentage of total XP
 D = Non-vault monster count
 E = Vault monster count
 F = Vault count percentage of total count
                 A         B        C        D         E       F
            +---------+---------+-------+---------+---------+-------
      Total |     811 |      45 |   5.3 |      89 |      10 |  10.1
            +---------+---------+-------+---------+---------+-------
        D:1 |      57 |       0 |   0.0 |      35 |       0 |   0.0
        D:2 |      35 |      17 |  32.7 |      15 |       3 |  16.7
        D:3 |     268 |       0 |   0.0 |      21 |       0 |   0.0
        D:4 |     347 |      28 |   7.5 |      14 |       7 |  33.3
        D:5 |     104 |       0 |   0.0 |       4 |       0 |   0.0
            +---------+---------+-------+---------+---------+-------
